 Dungeon Crawl Stone Soup version 0.22-a0-247-gbddf880 (webtiles) character file.

24 Amnesiac the Charlatan (level 2, -4/16 HPs)
             Began as a Deep Elf Artificer on Feb 24, 2018.
             Slain by a hobgoblin (5 damage)
             ... on level 2 of the Dungeon.
             The game lasted 00:03:14 (879 turns).

Amnesiac the Charlatan (Deep Elf Artificer)          Turns: 879, Time: 00:03:15

Health: -4/16      AC:  3    Str:  9    XL:     2   Next: 79%
Magic:  6/6        EV:  9    Int: 15    God:
Gold:   9          SH:  9    Dex: 15    Spells: 1/1 levels left

rFire    . . .     SeeInvis .   a - +0 short sword
rCold    . . .     Gourm    .   k - +2 shield
rNeg     . . .     Faith    .   b - +0 leather armour
rPois    .         Spirit   .   (no helmet)
rElec    .         Reflect  .   (no cloak)
rCorr    .         Harm     .   (no gloves)
MR       .....                  (no boots)
Stlth    ++........             (no amulet)
HPRegen  0.05/turn              (no ring)
MPRegen  0.10/turn              (no ring)

@: about to teleport, hasted, very quick
A: no striking features
a: no special abilities


You were on level 2 of the Dungeon.
You were not hungry.

You visited 1 branch of the dungeon, and saw 3 of its levels.

You collected 9 gold pieces.

Inventory:

Hand Weapons
 a - a +0 short sword (weapon)
Missiles
 i - 5 needles of sleeping
Armour
 b - a +0 leather armour (worn)
 k - a +2 shield (worn)
Wands
 c - a wand of flame (11)
 d - a wand of enslavement (12)
 e - a wand of random effects (15)
Scrolls
 g - a scroll of teleportation {!r}
 h - a scroll of amnesia {!r, unknown}
 j - a scroll of identify {!r, unknown}
Comestibles
 f - a ration


   Skills:
 - Level 1.0 Fighting
 - Level 2.0 Short Blades
 - Level 1.0 Armour
 - Level 2.4 Dodging
 - Level 1.2 Stealth
 + Level 0.5 Shields
 - Level 3.2 Evocations


You had one spell level left.
You didn't know any spells.

Dungeon Overview and Level Annotations

Branches:
Dungeon (3/15)

Altars:

Annotations:
D:2 Robin


Message History

Okay, then.
What are your orders? t - Shout!
Orders for allies: a - Attack new target. p - Attack previous target. r - Retreat! s - Stop attacking. g - Guard the area. f - Follow me.
Anything else - Cancel.
Gang up on whom?
Press: ? - help, Dir - move target cursor, f - gnoll, p - gnoll
Aim: a gnoll, wielding a flail Attack!
You block the bat's attack. The bat hits you but does no damage.
A rat comes into view.
Really quaff
l - an inky potion {!q}? [Y]es or [N]o only, please.
Really quaff
l - an inky potion {!q}?
It was a potion of haste {!q}.
You feel yourself speed up. The bat barely misses you.
The gnoll hits your gnoll with a flail! The bat closely misses you.
The gnoll barely misses your gnoll.
Evoke which item? (* to show all) (? for menu, Esc to quit)
Aiming: Throw Flame
Press: ? - help, Shift-Dir - straight line, f/p - gnoll
Aim: a gnoll, wielding a flail Really fire in your gnoll's direction?
Okay, then.
Unknown command.
Evoke which item? (* to show all) (? for menu, Esc to quit)
Aiming: Throw Flame
Press: ? - help, Shift-Dir - straight line, f - bat, p - gnoll
Aim: a bat The puff of flame misses the bat.
The puff of flame hits the hobgoblin.
You kill the hobgoblin!
You block the bat's attack.
Evoke which item? (* to show all) (? for menu, Esc to quit)
Aiming: Throw Flame
Press: ? - help, Shift-Dir - straight line, p - bat The puff of flame hits the bat.
You kill the bat!
The gnoll hits your gnoll with a flail!
Your gnoll dies!
Really read
g - 2 scrolls labeled RUILYBB XIVVOYMI {!r}?
As you read the scroll labeled RUILYBB XIVVOYMI {!r}, it crumbles to dust.
You feel strangely unstable.
It was a scroll of teleportation {!r}.
A goblin comes into view. It is wielding a dagger.
Evoke which item? (* to show all) (? for menu, Esc to quit)
Aiming: Random Effects
Press: ? - help, Shift-Dir - straight line, f - hobgoblin
Aim: a hobgoblin (moderately wounded)
Okay, then.
Evoke which item? (* to show all) (? for menu, Esc to quit)
Aiming: Enslavement
Press: ? - help, Shift-Dir - straight line, f - gnoll
Aim: a gnoll, wielding a flail (chance to defeat MR: 64%)
The gnoll struggles to resist.
A goblin comes into view.
Unknown command.
Evoke which item? (* to show all) (? for menu, Esc to quit)
Aiming: Enslavement
Press: ? - help, Shift-Dir - straight line, f/p - gnoll
Aim: a gnoll, wielding a flail (chance to defeat MR: 64%)
The gnoll is charmed.
The goblin shouts!
You hear a shout!
The hobgoblin hits you.
You die...

#g ... ##.#
...# g #..###
g.. #...##
....g#####..###
#..rg@gr....###
#..########...#
# ##..###
#.r..#####.
##.........
####<.##.#
##.##.# #.>..#
######


You could see a gnoll, a hobgoblin, 2 goblins, 2 rats and a friendly gnoll.

Vanquished Creatures
  A leopard gecko (D:1)
  3 giant cockroaches (D:1)
  2 hobgoblins
  2 kobolds (D:1)
  A quokka (D:1)
  5 bats
  A frilled lizard (D:1)
  2 goblins (D:1)
  5 rats
22 creatures vanquished.

Vanquished Creatures (others)
  A gnoll (D:2)
1 creature vanquished.

Grand Total: 23 creatures vanquished

Notes
Turn   | Place    | Note
-------+----------+-------------------------------------------
     0 | D:1      | Amnesiac the Deep Elf Artificer began the quest for the Orb.
     0 | D:1      | Reached XP level 1. HP: 11/11 MP: 5/5
    22 | D:1      | Reached skill level 1 in Fighting
    78 | D:1      | Reached skill level 1 in Armour
   275 | D:1      | Reached XP level 2. HP: 9/16 MP: 6/6
   869 | D:2      | Noticed Robin
   879 | D:2      | Slain by a hobgoblin

Vault maps used:
D:1:      onia_arrival_larder
D:2:      nicolae_ru_path_of_blood, uniq_robin
D:3:      nicolae_overflow_hidden_temple, overflow_temple_1_default,
          kiku_gazebo_pond_becter

Skill      XL: |  1  2 |
---------------+-------+-----
Fighting       | 1 |  1.0
Armour         | 1 |  1.0
Short Blades   | 2 |  2.0
Dodging        | |  2.4
Stealth        | |  1.2
Shields        | |  0.5
Evocations     | |  3.2

Action                   || total
-------------------------++-------
Melee: Short sword       ||    87
Evoke: Wand              ||     7
  Use: Scroll            ||     1
       Potion            ||     1
 Stab: Sleeping          ||     1
Armor: Leather armour    ||    25
Dodge: Dodged            ||    59
Block: Shield            ||    17

Table legend:
 A = Spawn XP
 B = Non-spawn XP
 C = Spawn XP percentage of total XP
 D = Spawn monster count
 E = Non-spawn monster count
 F = Spawn count percentage of total count
 G = Total turns spent on level
                    A         B        C        D         E        F      G
               +---------+---------+-------+---------+---------+-------+---------
         Total |       0 |      35 |   0.0 |       0 |      22 |   0.0 |   879
               +---------+---------+-------+---------+---------+-------+---------
           D:1 |       0 |      27 |   0.0 |       0 |      17 |   0.0 |   836
           D:2 |       0 |       3 |   0.0 |       0 |       2 |   0.0 |    34
           D:3 |       0 |       5 |   0.0 |       0 |       3 |   0.0 |     9
               +---------+---------+-------+---------+---------+-------+---------
